 Dungeon Crawl Stone Soup version 0.16-a0-3855-gd2600ac (console) character file.

80 Fusha the Chucker (level 4, -1/34 HPs)
             Began as a Merfolk Hunter on Jan 31, 2015.
             Succumbed to poison (a potion of poison)
             ... on level 3 of the Dungeon.
             The game lasted 00:11:41 (1924 turns).

Fusha the Chucker (Merfolk Hunter)                  Turns: 1924, Time: 00:11:41

Health: -1/34      AC:  3    Str: 13    XL:     4   Next: 39%
Magic:  4/4        EV: 16    Int: 13    God:
Gold:   49         SH:  0    Dex: 14    Spells: 0 memorised, 3 levels left

rFire  . . .     SeeInvis .     m - +0 bardiche
rCold  . . .     Clarity  .     d - +0 leather armour
rNeg   . . .     SustAb   .     (no shield)
rPois  .         Gourm    .     k - +0 hat {Int+3}
rElec  .         Spirit   .     (no cloak)
rCorr  .         Warding  .     (no gloves)
rMut   .         Rnd*Tele +     (boots currently unavailable)
MR     .....                    g - amulet of rage
Stlth  +++.......               (no ring)
                                p - ring of teleportation (curse)

@: lethally poisoned, constricted, very quick, not resistant to hostile
enchantments, fairly stealthy
A: change form in water, swift swim
a: Evoke Berserk Rage, Evoke Teleportation


You were on level 3 of the Dungeon.
You were not hungry.

You visited 1 branch of the dungeon, and saw 3 of its levels.

You collected 49 gold pieces.

Inventory:

Hand weapons
 a - a +0 short sword
 m - a +0 bardiche (weapon)
Missiles
 b - 3 javelins (quivered)
 c - 2 throwing nets
 h - 2 tomahawks
 n - 21 stones
Armour
 d - a +0 leather armour (worn)
 k - a +0 hat of intelligence (worn)
Jewellery
 g - an amulet of rage (around neck)
 p - a cursed ring of teleportation (left hand)
Scrolls
 i - 2 scrolls of teleportation
 j - 2 scrolls of random uselessness
Potions
 e - a potion of mutation {unknown}
 l - a potion of agility
 q - a potion of poison
 r - a potion of restore abilities
Comestibles
 o - 2 meat rations
 s - 4 fruits


   Skills:
 + Level 2.5 Fighting
 * Level 1.1 Polearms
 * Level 5.0 Throwing
 + Level 3.6 Dodging
 + Level 1.5 Stealth


You had 3 spell levels left.
You didn't know any spells.

Dungeon Overview and Level Annotations

Branches:
Dungeon (3/15)

Altars:
Elyvilon
Trog

Portals:
Sewer: D:3

Annotations:
D:3 Ijyb


Message History

The javelin barely misses the ball python.
The rat barely misses you. The ball python closely misses you.
The ball python constricts you.
The ball python bites you but does no damage.
The river rat bites you!
Throwing (i - inventory. (,) - cycle):
b - 4 javelins (quivered)
Press: ? - help, Shift-Dir - straight line, f/p - ball python
Aim: a ball python (constricting you)
You throw a javelin.
The javelin barely misses the ball python.
The ball python bites you.
* * * LOW HITPOINT WARNING * * *
x2 The ball python constricts you.
The ball python closely misses you. The rat bites you but does no damage.
The river rat bites you!
* * * LOW HITPOINT WARNING * * *
Drink which item? (? for menu, Esc to quit)
It was a potion of poison.
That liquid tasted very nasty...
You are lethally poisoned!
You die...

###########
#.......$.#
##....r....#
#....≈S@S.(#
#...≈≈Sr≈.......
#.?.≈≈∩≈≈......
#g..≈≈≈≈≈......
#....≈≈≈.......
...........##
......)...#
########.


You could see Ijyb (sleeping), a river rat, 3 ball pythons and a rat.

Vanquished Creatures
  3 gnolls (D:3)
  An adder (D:2)
  An ooze (D:1)
  4 orcs (D:3)
  7 bats
  2 giant cockroaches
  4 goblins
  4 hobgoblins
  A quokka (D:2)
  A giant newt (D:3)
  6 kobolds
  4 rats
38 creatures vanquished.

Notes
Turn   | Place    | Note
--------------------------------------------------------------
     0 | D:1      | Fusha, the Merfolk Hunter, began the quest for the Orb.
     0 | D:1      | Reached XP level 1. HP: 16/16 MP: 1/1
   437 | D:1      | Reached XP level 2. HP: 19/22 MP: 2/2
   760 | D:1      | You fall through a shaft!
  1010 | D:1      | Reached XP level 3. HP: 18/28 MP: 3/3
  1409 | D:2      | You fall through a shaft!
  1413 | D:3      | Found a bloodstained altar of Trog.
  1485 | D:3      | Found a white marble altar of Elyvilon.
  1604 | D:3      | Reached XP level 4. HP: 34/34 MP: 4/4
  1670 | D:3      | Reached skill level 5 in Throwing
  1682 | D:3      | Reached skill level 1 in Polearms
  1919 | D:3      | Found a glowing drain.
  1920 | D:3      | Noticed Ijyb
  1923 | D:3      | HP: 1/34 [river rat (7)]
  1924 | D:3      | Succumbed to poison (a potion of poison)

Action                   |  1- 3 |  4- 6 || total
-------------------------+-------+-------++-------
Melee: Short sword       |    98 |       ||    98
       Bardiche          |       |    27 ||    27
Throw: Javelin           |     4 |     5 ||     9
       Tomahawk          |     3 |     2 ||     5
  Use: Scroll            |     6 |       ||     6
       Potion            |       |     1 ||     1
 Stab: Sleeping          |     1 |       ||     1
  Eat: Pizza             |     1 |       ||     1
       Bread ration      |       |     1 ||     1
